 Dungeon Crawl Stone Soup version 0.29.1-1-gd02db6906a (webtiles) character file.

Game seed: 12599264048374456267

5849 croobank the Caller (level 10, -3/69 HPs)
             Began as an Octopode Summoner on Sept 30, 2022.
             Was an Initiate of Gozag.
             Slain by a sixfirhy (12 damage)
             ... on level 1 of the Abyss.
             The game lasted 00:57:53 (12814 turns).

croobank the Caller (Octopode Summoner)            Turns: 12814, Time: 00:57:53

Health: -3/69      AC:  5    Str:  7    XL:     10   Next: 81%
Magic:  11/19      EV: 17    Int: 25    God:    Gozag
Gold:   762        SH:  0    Dex: 18    Spells: 6/22 levels left

rFire   . . .      SeeInvis .   z - +9 dagger of the Boiling Point {vamp, Int+4 Dex-2 Stlth+}
rCold   + . .      Faith    .   (no shield)
rNeg    . . .      Spirit   .   (helmet restricted)
rPois   .          Reflect  .   h - amulet of regeneration
rElec   .          Harm     .   l - +4 ring of protection
rCorr   .          Rampage  .   n - ring of protection from cold
Will    .....                   E - +6 ring of dexterity
Stlth   +++++.....              (no ring)
HPRegen 1.01/turn               (no ring)
MPRegen 0.16/turn               (no ring)
                                (no ring)
                                (no ring)

@: hasted, very quick
A: almost no armour, amphibious, 8 rings, camouflage 1, gelatinous body 1,
(nimble swimmer 1), tentacles
a: Renounce Religion, Potion Petition, Call Merchant, Bribe Branch


You were on level 1 of the Abyss.
You worshipped Gozag.
Gozag was pleased with you.
You visited 2 branches of the dungeon, and saw 11 of its levels.
You visited the Abyss 1 time.
You also visited: Ossuary.

You collected 1150 gold pieces.
You paid 388 gold pieces to Gozag.

Inventory:

Hand Weapons
 b - a +0 sling
 o - a +3 hand axe
 x - a +0 glaive
 z - the +9 dagger of the Boiling Point (weapon) {vamp, Int+4 Dex-2 Stlth+}
   (You found it on level 7 of the Dungeon)

   It occasionally heals its wielder for a portion of the damage dealt when it
   wounds a living foe.
   Int:       It affects your intelligence (+4).
   Dex:       It affects your dexterity (-2).
   Stlth:     It makes you more stealthy.
 A - a +3 trident
 B - a +3 long sword
 K - a +4 eveningstar of holy wrath
 O - a +4 short sword
 Q - a +1 dire flail of freezing
Missiles
 c - a throwing net
 s - 6 javelins
 L - 7 silver javelins
 P - a curare-tipped dart
Magical Staves
 v - a staff of conjuration
 C - a staff of cold
Jewellery
 h - an amulet of regeneration (around mantle)
 l - a +4 ring of protection (left tentacle)
 n - a ring of protection from cold (right tentacle)
 E - a +6 ring of dexterity (on tentacle)
 M - a ring of protection from cold
Wands
 m - a wand of mindburst (11)
 q - a wand of digging (5)
 w - a wand of quicksilver (3)
 D - a wand of flame (33)
 J - a wand of roots (5)
Scrolls
 e - a scroll of fear
 g - 3 scrolls of teleportation
 j - 3 scrolls of magic mapping
 k - 4 scrolls of fog
 y - a scroll of amnesia
 F - a scroll of silence
 G - a scroll of enchant weapon
Potions
 d - 5 potions of curing
 f - 3 potions of flight
 i - 5 potions of attraction
 p - 4 potions of mutation
 r - 3 potions of haste
 t - 2 potions of lignification
 u - a potion of invisibility
 H - a potion of might


   Skills:
 + Level 6.6 Fighting
 + Level 3.5 Short Blades
 + Level 7.0 Dodging
 - Level 3.5 Stealth
 + Level 6.5 Spellcasting
 - Level 5.0 Hexes
 + Level 7.7 Summonings
 + Level 5.1 Air Magic


You had 6 spell levels left.
You knew the following spells:

 Your Spells              Type           Power      Damage    Failure   Level
a - Summon Small Mammal   Summ           100%       N/A       1%          1
b - Call Imp              Summ           47%        N/A       1%          2
c - Call Canine Familiar  Summ           47%        N/A       1%          3
d - Summon Guardian Gole  Hex/Summ       40%        N/A       1%          3
e - Summon Lightning Spi  Summ/Air       40%        N/A       4%          4
f - Ensorcelled Hibernat  Hex/Ice        40%        N/A       3%          2
g - Slow                  Hex            100%       N/A       1%          1

Your spell library contained the following spells:

 Spells                   Type           Power      Damage    Failure   Level
 Confusing Touch          Hex            33%        N/A       2%          3
 Tukima's Dance           Hex            33%        N/A       2%          3
 Static Discharge         Conj/Air       20%        3-6/arc   3%          2
 Magic Dart               Conj           32%        1d4       7%          1
 Portal Projectile        Hex/Tloc       40%        N/A       8%          3
 Searing Ray              Conj           16%        2d5       11%         2
 Spider Form              Tmut/Pois      8%         N/A       22%         3
 Vampiric Draining        Necr           8%         2d6       22%         3
 Anguish                  Hex/Necr       10%        N/A       26%         4
 Fulminant Prism          Conj/Hex       10%        3d9       26%         4
 Summon Forest            Summ/Tloc      13%        N/A       36%         5
 Dispel Undead            Necr           8%         3d8       56%         4
 Sticky Flame             Conj/Fire      8%         2d3       56%         4
 Blade Hands              Tmut           4%         N/A       89%         5
 Eringya's Noxious Bog    Tmut/Pois      4%         N/A       100%        6
 Summon Hydra             Summ           23%        N/A       94%         7


Dungeon Overview and Level Annotations

Branches:
Dungeon (10/15)            Temple (1/1) D:6         Ossuary (visited)
   Lair: D:8-11         Orc: D:9-12

Altars:
Ashenzari
Cheibriados
Dithmenos
Elyvilon
Fedhas
Gozag
Hepliaklqana
Kikubaaqudgha
Makhleb
Nemelex Xobeh
Okawaru
Qazlal
Ru
Sif Muna
Trog
Uskayaw
Vehumet
Wu Jian
Xom
Yredelemnul
Zin
The Shining One

Shops:
D:1 (   D:2 [?

Annotations:
D:10 Sonja


Innate Abilities, Weirdness & Mutations

You cannot wear most types of armour.
You are amphibious.
You can wear up to eight rings at the same time.
Your skin changes colour to match your surroundings (Stealth+).
Your rubbery body absorbs attacks. (AC +1, EV +1)
((You are camouflaged when in or above water. (Stealth+)))
You have tentacles for arms and can constrict up to eight enemies at once.


Message History

Casting: Call Canine Familiar (safe; 1% risk of failure)
Confirm with . or Enter, or press ? or * to list all spells.
An electric hum fills the air.
The sixfirhy hits you. The sixfirhy shocks you! The sixfirhy barely misses you.
The sixfirhy hits you! The sixfirhy shocks you!
* * * LOW HITPOINT WARNING * * *
Your wolf closely misses the large abomination.
The sixfirhy barely misses you.
The large abomination closely misses your wolf.
Your wolf bites the large abomination.
Okay, then.
Okay, then.
Okay, then. [a] - 300 gold - haste and heal wounds [b] - 630 gold - heal wounds, berserk rage, haste and resistance [c] - 420 gold - haste and heal wounds Purchase which effect?
You no longer have enough gold to fund merchants seeking to open stores in the dungeon.
You feel yourself speed up.
You feel much better.
Your wolf bites the large abomination.
The large abomination hits your wolf!!
Your wolf dies!
Your wolf's corpse disappears in a puff of smoke!
Your lightning spire shoots out a bolt of lightning at the large abomination!
The bolt of electricity hits your guardian golem.
Your guardian golem completely resists.
The bolt of electricity hits the large abomination.
Your guardian golem overheats!
The sixfirhy hits you! The sixfirhy shocks you!
The large abomination hits your lightning spire but does no damage.
The sixfirhy hits you.
* * * LOW HITPOINT WARNING * * *
The sixfirhy shocks you!
* * * LOW HITPOINT WARNING * * *
Your lightning spire shoots out a bolt of lightning at the large abomination!
The bolt of electricity hits the large abomination! x2
The bolt of electricity hits your lightning spire.
Your lightning spire completely resists.
The sixfirhy hits you but does no damage.
The sixfirhy hits you!
You die...
Your body crumbles into a pile of gold.

#. # .#. ####.## #
#...# ## ##..#..##
..# ##..#..#.# ...
.....#..# ..#
#.....#X..###..###
##.....98.#@.....#
#...##...3.#...#.#
...#....#..##
....#
#.#......#....
.#.#
.#.##..#.###..#
.#. # #.#.## ...#
# ## . #..# #.# ..


You could see a sixfirhy.

Vanquished Creatures
  Urug (D:10)
  Joseph (D:7)
  A komodo dragon (D:10)
  2 vampires
  A steam dragon (D:8)
  2 centaurs
  A phantom (D:6)
  2 wights (D:10)
  An electric eel (D:6)
  2 orc priests
  6 orc wizards
  2 gnolls (D:5)
  2 white imps
  An adder zombie (Ossuary)
  6 orcs
  2 ball pythons
  3 bats (D:1)
  2 giant cockroaches
  A gnoll zombie (Ossuary)
  5 hobgoblins
  A jackal (D:1)
  A quokka (D:1)
  A frilled lizard (D:1)
  A hobgoblin zombie (Ossuary)
  4 kobolds
  2 orc zombies (Ossuary)
  3 rats
57 creatures vanquished.

Vanquished Creatures (collateral kills)
  2 yaks (D:10)
  A water moccasin (D:9)
  A kobold brigand (D:7)
  A bullfrog (D:8)
  3 scorpions
  A necrophage (D:5)
  4 wights
  A water moccasin zombie (Ossuary)
  2 howler monkeys
  A jelly (D:5)
  2 gnoll boudas
  5 orc priests
  A hound (D:6)
  2 iguanas
  Natasha (thrice) (D:2)
  3 orc wizards
  A mummy (Ossuary)
  7 adders
  10 gnolls
  2 white imps (D:5)
  4 adder zombies (Ossuary)
  A worm (D:3)
  A dart slug (D:3)
  25 orcs
  7 ball pythons
  3 bats
  An endoplasm (D:3)
  A giant cockroach (D:3)
  3 gnoll zombies (Ossuary)
  3 goblins
  4 hobgoblins
  9 jackals
  8 quokkas
  4 frilled lizards
  2 hobgoblin zombies (Ossuary)
  14 kobolds
  A kobold zombie (Ossuary)
  8 orc zombies (Ossuary)
  2 quokka zombies (D:5)
  4 rats
158 creatures vanquished.

Vanquished Creatures (others)
  A troll (D:9)
  A yak (D:10)
  Menkaure (D:6)
  An acid dragon (D:9)
  An ice beast (D:8)
  An orc warrior (D:9)
  A sky beast (D:6)
  2 ogres
  A kobold brigand (D:10)
  A gnoll sergeant (D:6)
  A water moccasin zombie (Ossuary)
  7 wights
  Crazy Yiuf (D:7)
  2 orc wizards
  A mummy (Ossuary)
  4 gnolls
  An adder (D:4)
  An adder zombie (Ossuary)
  3 orcs
  A gnoll zombie (Ossuary)
  4 kobolds (D:10)
  A hobgoblin zombie (Ossuary)
  2 kobold zombies (Ossuary)
40 creatures vanquished.

Grand Total: 255 creatures vanquished

Notes
Turn   | Place    | Note
-------+----------+-------------------------------------------
     0 | D:1      | croobank the Octopode Summoner began the quest for the Orb.
     0 | D:1      | Reached XP level 1. HP: 11/11 MP: 3/3
   161 | D:1      | Found Sourphuc's Weapon Boutique.
   172 | D:1      | Reached XP level 2. HP: 17/17 MP: 1/5
   215 | D:1      | Learned a level 2 spell: Call Imp
   917 | D:1      | Reached XP level 3. HP: 22/22 MP: 1/6
   927 | D:1      | Reached skill level 1 in Fighting
  1382 | D:1      | Learned a level 3 spell: Call Canine Familiar
  1784 | D:2      | Reached XP level 4. HP: 28/28 MP: 2/7
  2064 | D:2      | Noticed Natasha
  2075 | D:2      | Killed Natasha
  2152 | D:2      | Noticed Natasha
  2161 | D:2      | Killed Natasha
  2162 | D:2      | Reached XP level 5. HP: 17/34 MP: 0/9
  2166 | D:2      | Learned a level 3 spell: Summon Guardian Golem
  2332 | D:2      | Found Yrehadi's Magic Scroll Shop.
  2366 | D:2      | Noticed Natasha
  2369 | D:2      | Killed Natasha
  2370 | D:2      | Reached skill level 1 in Hexes
  2491 | D:2      | Found a faded altar of an unknown god.
  2507 | D:2      | Found Foadosm's Antique Armour Boutique.
  3343 | D:3      | Reached XP level 6. HP: 39/39 MP: 7/10
  3409 | D:3      | Found a burning altar of Makhleb.
  3409 | D:3      | Found a hide-covered altar of Uskayaw.
  3417 | D:3      | Found a faded altar of an unknown god.
  3419 | D:3      | Found a faded altar of an unknown god.
  3421 | D:3      | Found a sacrificial altar of Ru.
  3847 | D:4      | HP: 2/41 [themself (39)]
  3848 | D:4      | Reached skill level 5 in Summonings
  4299 | D:4      | Found an iron altar of Okawaru.
  4319 | D:5      | Entered Level 5 of the Dungeon
  4338 | D:5      | Found a sand-covered staircase.
  4399 | Ossuary  | Entered an ossuary
  4557 | Ossuary  | Reached XP level 7. HP: 45/45 MP: 6/12
  5754 | D:5      | Reached XP level 8. HP: 54/54 MP: 5/14
  6485 | D:5      | Learned a level 4 spell: Summon Lightning Spire
  6606 | D:6      | Reached skill level 1 in Air Magic
  6702 | D:6      | Noticed Menkaure
  6718 | D:6      | Killed Menkaure
  6922 | D:6      | Reached skill level 5 in Dodging
  7169 | D:6      | Found a staircase to the Ecumenical Temple.
  7171 | D:6      | Noticed a vampire
  7183 | D:6      | Killed a vampire
  7184 | D:6      | Reached XP level 9. HP: 43/59 MP: 10/16
  7242 | Temple   | Entered the Ecumenical Temple
  7288 | Temple   | Became a worshipper of Gozag Ym Sagoz the Greedy
  7966 | D:7      | Reached skill level 5 in Spellcasting
  8103 | D:7      | Reached skill level 5 in Fighting
  9077 | D:7      | Noticed Joseph
  9098 | D:7      | Killed Joseph
  9099 | D:7      | Reached skill level 5 in Hexes
  9177 | D:7      | Identified the +9 dagger of the Boiling Point {vamp, Int+4
                  | Dex-2 Stlth+}
  9248 | D:7      | Found a runed translucent door.
  9249 | D:7      | Noticed Crazy Yiuf
  9523 | D:7      | Killed Crazy Yiuf
  9883 | D:8      | Reached skill level 1 in Short Blades
 10683 | D:9      | Noticed a troll
 10692 | D:9      | Reached XP level 10. HP: 68/68 MP: 10/18
 11551 | D:9      | Found a glowing golden altar of the Shining One.
 11594 | D:10     | Entered Level 10 of the Dungeon
 11669 | D:10     | Found a white marble altar of Elyvilon.
 11669 | D:10     | Found a shimmering blue altar of Sif Muna.
 11671 | D:10     | Found a broken altar of Ashenzari.
 11681 | D:10     | Noticed Urug
 11706 | D:10     | Killed Urug
 12648 | D:10     | Reached skill level 5 in Air Magic
 12667 | D:10     | Noticed Sonja
 12667 | Abyss:1  | Cast into level 1 of the Abyss (Sonja)
 12672 | Abyss:1  | Learned a level 2 spell: Ensorcelled Hibernation
 12674 | Abyss:1  | Learned a level 1 spell: Slow
 12708 | Abyss:1  | Noticed a large abomination
 12797 | Abyss:1  | Noticed a sixfirhy
 12814 | Abyss:1  | Slain by a sixfirhy

Illustrated notes

Levels and vault maps discovered:
D:1:      ncdulo_smallfort, layout_loops_cross, serial_shops, shop_statue
D:2:      layout_rooms, shapermc_ecumenical_altar_notcrosses, serial_shops,
          nicolae_shop_crystal, shop, uniq_natasha
D:3:      layout_basic, chequers_temple_overflow_minitemple
D:4:      layout_gridville, kennysheep_mini_moat
D:5:      layout_basic, enter_ossuary_4
D:6:      layout_loops_ring, minmay_temple_entry_proselytizer,
          nicolae_lava_and_water, uniq_menkaure
D:7:      layout_rooms, uniq_crazy_yiuf_cottage, uniq_joseph
D:8:      layout_rooms
D:9:      layout_irregular_city, mainiacjoe_overflow_alcove_4,
          minmay_misc_feat_iff
D:10:     layout_basic, grunt_temple_overflow_open, lair_entry_dummy,
          grunt_decor_fettered, uniq_erolcha, uniq_sonja, uniq_urug
Temple:   jpeg_temple_clearing
Abyss:1:  base:
D:1

Skill      XL: |  1  2  3  4  5  6  7  8  9 10 |
---------------+-------------------------------+-----
Stealth        | 3 |  3.5
Fighting       | 1 2 3 4 5 6 |  6.6
Hexes          | 1 2 3 4 5 |  5.0
Dodging        | 3 4 5 6 7 |  7.0
Spellcasting   | 3 4 5 6 |  6.5
Summonings     | 5 6 7 |  7.7
Air Magic      | 2 3 5 |  5.1
Short Blades   | 1 3 |  3.5

Action                   |  1- 3 |  4- 6 |  7- 9 | 10-12 || total
-------------------------+-------+-------+-------+-------++-------
Melee: Unarmed           |    42 |    11 |       |       ||    53
       Constrict         |    15 |     5 |    21 |     6 ||    47
       Tentacles         |     9 |     5 |    25 |     9 ||    48
       Punch             |     1 |       |     2 |       ||     3
       Whip              |       |     3 |    62 |       ||    65
       Trident           |       |       |    16 |       ||    16
       Dagger            |       |       |    16 |    28 ||    44
 Cast: Summon Small Mamm |    40 |    45 |    83 |    10 ||   178
       Call Imp          |    13 |    17 |    26 |     6 ||    62
       Call Canine Famil |     4 |    13 |    34 |    10 ||    61
       Summon Guardian G |       |     7 |    37 |    19 ||    63
       Summon Lightning  |       |       |     3 |     2 ||     5
Invok: Potion Petition   |       |       |       |     1 ||     1
Evoke: Wand              |       |       |     3 |     6 ||     9
  Use: Potion            |     1 |     2 |     4 |       ||     7
       Scroll            |       |       |    20 |     1 ||    21
 Stab: Sleeping          |     4 |     2 |       |     2 ||     8
       Distracted        |       |       |     1 |       ||     1
Armor: Skin              |     5 |    12 |    28 |     2 ||    47
Dodge: Dodged            |    30 |    22 |    66 |    35 ||   153
